 Dungeon Crawl Stone Soup version 0.15-a0-1224-g3833f9c (webtiles) character file.

14011 APV the Severer (level 11, -2/148 HPs)
             Began as a Minotaur Fighter on June 1, 2014.
             Was a High Priest of Okawaru.
             Slain by a 15-headed hydra (5 damage)
             ... on Level 1 of the Lair of Beasts on June 2, 2014.
             The game lasted 01:20:50 (9741 turns).

APV the Severer (Minotaur Fighter)                  Turns: 9741, Time: 01:20:51

HP  -2/148       AC 21     Str 28      XL: 11   Next: 83%
MP   4/4         EV  3     Int 11      God: Okawaru [*****.]
Gold 598         SH 23     Dex 11      Spells:  0 memorised, 10 levels left

rFire  + . .     SeeInvis .     D - +6 war axe of the Goat {venom, -Cast +Blink rPois rF+ rC+ Str+2 Int+4}
rCold  + . .     Clarity  .     U - +2 crystal plate armour
rNeg   . . .     rCorr    .     c - +0 shield
rPois  +         rRot     .     (helmet restricted)
rElec  .         Spirit   .     p - +0 cloak
SustAb .         Warding  .     W - +1 pair of gloves
rMut   .         Stasis   .     (no boots)
Gourm  .         NoCast   +     (no amulet)
MR     .....                    (no ring)
                                r - +5,+2 ring of slaying

@: berserking, very quick, not resistant to hostile enchantments, extremely
unstealthy
A: retaliatory headbutt, horns 2
a: Heroism, Finesse, Renounce Religion, Evoke Blink


You were on level 1 of the Lair of Beasts.
You worshipped Okawaru.
Okawaru was extremely pleased with you.
You were not hungry.

You visited 3 branches of the dungeon, and saw 14 of its levels.

You collected 598 gold pieces.

Inventory:

Hand weapons
 D - the +6,+6 war axe of the Goat (weapon) {venom, -Cast +Blink rPois rF+ rC+ Str+2 Int+4}
   (You found it on level 6 of the Dungeon)

   It poisons the flesh of those it strikes.
   It affects your strength (+2).
   It affects your intelligence (+4).
   It protects you from fire.
   It protects you from cold.
   It protects you from poison.
   It lets you blink.
   It prevents spellcasting.
Missiles
 w - 7 steel javelins (quivered)
Armour
 c - a +0 shield (worn)
 p - a +0 cloak (worn)
 U - a +2 crystal plate armour (worn)
 W - a +1 pair of gloves (worn)
Magical devices
 a - a wand of digging (9)
 x - a wand of polymorph (9)
 B - a wand of enslavement (14)
 E - a wand of confusion (14)
 P - a wand of slowing (6)
Comestibles
 d - 11 bread rations
 f - a meat ration
 h - a chunk of jackal flesh
Scrolls
 g - a scroll of blinking
 i - 8 scrolls of identify
 j - 3 scrolls of teleportation
 C - a scroll of enchant weapon III {unknown}
 H - a scroll of recharging
 N - a scroll of fear
Jewellery
 r - a +5,+2 ring of slaying (left hand)
 s - a cursed -3 ring of evasion {unknown}
 z - an uncursed ring of protection from cold {unknown}
 F - a +2 ring of intelligence {unknown}
 G - an uncursed ring of wizardry {unknown}
 J - an uncursed ring of protection from fire {unknown}
 O - an uncursed amulet of resist corrosion {unknown}
 S - an uncursed ring of fire {unknown}
 X - an uncursed ring of stealth {unknown}
Potions
 e - 4 potions of might
 l - 4 potions of heal wounds
 n - 2 potions of curing
 o - 4 potions of magic {unknown}
 q - 2 potions of agility {unknown}
 t - 2 potions of mutation {unknown}
 u - a potion of berserk rage
 v - 2 potions of haste {unknown}
 I - a potion of restore abilities {unknown}
 K - 2 potions of confusion {unknown}
Miscellaneous
 R - a fan of gales


   Skills:
 * Level 9.8 Fighting
 - Level 18.4 Axes
 - Level 4.1 Armour
 - Level 0.2 Dodging
 - Level 0.6 Stealth
 + Level 7.4 Shields


You had 10 spell levels left.
You didn't know any spells.

Dungeon Overview and Level Annotations

Branches:
Dungeon (11/15)            Temple (1/1) D:7             Orc (0/4) D:9
   Lair (2/8) D:11

Altars:
Ashenzari
Cheibriados
Dithmenos
Elyvilon
Fedhas
Gozag
Kikubaaqudgha
Makhleb
Nemelex Xobeh
Okawaru
Qazlal
Sif Muna
Trog
Vehumet
Xom
Yredelemnul
Zin
The Shining One

Shops:
D:4 [


Innate Abilities, Weirdness & Mutations

You reflexively headbutt those who attack you in melee.
You have a pair of horns on your head.


Message History

* * * LOW HITPOINT WARNING * * *
The 13-headed hydra bites you.
* * * LOW HITPOINT WARNING * * *
The 13-headed hydra bites you but does no damage.
The 13-headed hydra bites you.
* * * LOW HITPOINT WARNING * * *
The 13-headed hydra bites you.
* * * LOW HITPOINT WARNING * * *
The 13-headed hydra bites you but does no damage.
Your crystal plate armour prevents you from hitting the 13-headed hydra.
You headbutt the 13-headed hydra!!
The 13-headed hydra is severely wounded.
You hack one of the 13-headed hydra's heads off!
The 12-headed hydra grows two more!
You slash the 14-headed hydra!
The 14-headed hydra is severely wounded.
You chop one of the 14-headed hydra's heads off!
The 13-headed hydra grows two more!
You slash the 15-headed hydra!
The 15-headed hydra is severely wounded.
The 15-headed hydra bites you.
You die...

.#.....#..♣ ##.#
##.###.......#
.#######..♣
♣..###..###.......#
..........♣
♣##.#...###........#
..........♣ ♣.....###
#........##
♣♣♣...♣♣♣♣♣ ♣.#.###
##........# ♣♣...♣
♣##.## #.......##
♣....♣ #.># #.......#
#+...## ##D#
#######.# #.....#
#P@### ### ####.###
######'#.# #####.#.#
#........# .....[.##
##.......# .......##
##.......#
........###........##
.......+..#.........#
.......##..+.......##
.......#####.......#


You could see a 15-headed hydra.

Vanquished Creatures
  Urug (D:11)
  A centaur warrior (D:10)
  Nergalle (Lair:1)
  An unseen horror (D:11)
  2 hill giants (D:10)
  A black mamba (Lair:1)
  An elephant (D:11)
  A hydra zombie (D:8)
  2 centaur skeletons
  Prince Ribbit (D:9)
  A blink frog (Lair:1)
  14 yaks
  A deep elf mage (D:10)
  Eustachio (D:4)
  4 hippogriffs
  A steam dragon (Lair:1)
  4 ugly things
  A porcupine (Lair:2)
  A water moccasin (Lair:1)
  4 orc warriors
  2 ice beasts
  A necrophage (D:9)
  2 sky beasts
  A phantom (D:9)
  A crocodile (Lair:1)
  8 centaurs
  6 ogres
  Sigmund (D:5)
  Duvessa (D:4)
  A giant slug (Lair:1)
  A big kobold (D:10)
  A gnoll sergeant (D:7)
  5 giant frogs
  6 killer bees (D:8)
  4 scorpions
  A hippogriff zombie (D:8)
  5 wights (D:10)
  Dowan (D:4)
  7 crimson imps
  A goliath beetle (D:7)
  5 orc priests
  A two-headed ogre zombie (D:10)
  3 jellies
  A quasit (D:4)
  6 hounds
  5 orc wizards
  A soldier ant zombie (D:10)
  A giant frog skeleton (D:9)
  An elf skeleton (D:11)
  An iron imp (D:4)
  Natasha (D:3)
  8 worker ants
  6 iguanas
  2 sheep (D:11)
  Ijyb (D:3)
  A big kobold skeleton (D:8)
  A crocodile zombie (D:7)
  9 gnolls
  9 adders
  17 green rats (Lair:1)
  An inept item mimic (D:5)
  4 shadow imps
  A white imp (D:4)
  9 worms
  An adder zombie (D:6)
  4 giant geckos
  28 orcs
  2 ball pythons
  8 giant cockroaches
  19 hobgoblins
  18 jackals
  6 quokkas
  20 bats
  2 giant newts
  10 goblins
  A hobgoblin skeleton (D:8)
  20 kobolds
  An orc skeleton (D:10)
  2 orc zombies (D:8)
  18 rats
  A rat skeleton (D:6)
  A rat zombie (D:5)
  2 ballistomycetes (D:10)
  A fungus (Lair:1)
  A plant (D:11)
361 creatures vanquished.

Vanquished Creatures (others)
  An iguana (D:10)
  A shadow imp (D:10)
  A giant spore (D:10)
3 creatures vanquished.

Grand Total: 364 creatures vanquished

Notes
Turn   | Place    | Note
--------------------------------------------------------------
     0 | D:1      | APV, the Minotaur Fighter, began the quest for the Orb.
     0 | D:1      | Reached XP level 1. HP: 19/19 MP: 1/1
   201 | D:1      | Reached XP level 2. HP: 27/27 MP: 1/1
   696 | D:2      | Reached XP level 3. HP: 33/33 MP: 2/2
   708 | D:2      | Reached skill level 4 in Axes
   808 | D:2      | Found a deep blue altar of Sif Muna.
   813 | D:2      | Found a burning altar of Makhleb.
   912 | D:2      | Reached XP level 4. HP: 24/40 MP: 2/2
   997 | D:2      | Reached skill level 5 in Axes
  1534 | D:3      | Noticed Ijyb
  1548 | D:3      | Killed Ijyb
  1548 | D:3      | Reached skill level 6 in Axes
  1548 | D:3      | Reached XP level 5. HP: 46/46 MP: 2/2
  2048 | D:3      | Noticed Natasha
  2055 | D:3      | Killed Natasha
  2060 | D:3      | Found a blossoming altar of Fedhas.
  2142 | D:4      | Reached skill level 7 in Axes
  2207 | D:4      | Noticed Dowan
  2208 | D:4      | Noticed Duvessa
  2231 | D:4      | Killed Duvessa
  2231 | D:4      | Reached XP level 6. HP: 19/52 MP: 3/3
  2243 | D:4      | Killed Dowan
  2243 | D:4      | Reached skill level 8 in Axes
  2510 | D:4      | Noticed Eustachio
  2561 | D:4      | Found Lopoim's Antique Armour Shoppe.
  2563 | D:4      | Killed Eustachio
  2563 | D:4      | Reached skill level 9 in Axes
  2563 | D:4      | Reached XP level 7. HP: 18/58 MP: 3/3
  2887 | D:4      | Found a glowing golden altar of the Shining One.
  3207 | D:5      | Entered Level 5 of the Dungeon
  3269 | D:5      | Noticed Sigmund
  3279 | D:5      | Killed Sigmund
  3555 | D:5      | Reached skill level 10 in Axes
  3837 | D:5      | Found a stormy altar of Qazlal.
  4036 | D:6      | Found a shadowy altar of Dithmenos.
  4173 | D:6      | Got a crystal war axe
  4174 | D:6      | Identified the cursed +6,+6 war axe of the Goat {venom, -Cast +Blink rPois rF+ rC+ Str+2 Int+4} (You found it on level 6 of the Dungeon)
  4213 | D:6      | Reached skill level 11 in Axes
  4213 | D:6      | Reached XP level 8. HP: 66/66 MP: 3/3
  4233 | D:6      | Found a basalt altar of Yredelemnul.
  4796 | D:7      | Reached skill level 12 in Axes
  5062 | D:7      | Reached skill level 13 in Axes
  5104 | D:7      | Reached XP level 9. HP: 64/71 MP: 4/4
  5205 | D:7      | Found a staircase to the Ecumenical Temple.
  5236 | Temple   | Entered the Ecumenical Temple
  5455 | D:8      | Reached skill level 14 in Axes
  5552 | D:8      | Found a white marble altar of Elyvilon.
  5629 | D:8      | Reached skill level 15 in Axes
  5648 | D:8      | Found an iron altar of Okawaru.
  5649 | D:8      | Found a bloodstained altar of Trog.
  5660 | D:8      | Became a worshipper of Warmaster Okawaru
  5919 | D:8      | Found a blossoming altar of Fedhas.
  5956 | D:8      | Found a glowing silver altar of Zin.
  6048 | D:8      | Acquired Okawaru's first power
  6051 | D:8      | Reached skill level 16 in Axes
  6051 | D:8      | Reached XP level 10. HP: 47/78 MP: 4/4
  6238 | D:9      | Found a staircase to the Orcish Mines.
  6579 | D:9      | Noticed Prince Ribbit
  6587 | D:9      | Killed Prince Ribbit
  6965 | D:9      | Reached skill level 17 in Axes
  6976 | D:9      | Upgraded the game from 0.15-a0-1206-g3bad1a6 to 0.15-a0-1224-g3833f9c
  7272 | D:10     | Entered Level 10 of the Dungeon
  7321 | D:10     | Noticed a hill giant
  7343 | D:10     | Killed a hill giant
  7444 | D:10     | Noticed a hill giant
  7455 | D:10     | Killed a hill giant
  7544 | D:10     | Reached skill level 18 in Axes
  7610 | D:10     | Found a white marble altar of Elyvilon.
  7956 | D:10     | Reached XP level 11. HP: 76/83 MP: 4/4
  8434 | D:10     | Noticed a centaur warrior
  8438 | D:10     | Killed a centaur warrior
  8438 | D:10     | Reached skill level 5 in Fighting
  8604 | D:11     | Killed an unseen horror
  8604 | D:11     | Reached skill level 5 in Shields
  8630 | D:11     | Noticed Urug
  8641 | D:11     | Killed Urug
  8884 | D:11     | Found a staircase to the Lair.
  8893 | D:11     | Acquired Okawaru's second power
  8913 | Lair:1   | Entered Level 1 of the Lair of Beasts
  9212 | Lair:1   | Noticed Nergalle
  9223 | Lair:1   | Killed Nergalle
  9721 | Lair:2   | Noticed a seven-headed hydra
  9723 | Lair:2   | Noticed a seven-headed hydra
  9738 | Lair:1   | HP: 5/148 [13-headed hydra (5)]
  9738 | Lair:1   | HP: 2/148 [13-headed hydra (3)]
  9741 | Lair:1   | Slain by a 15-headed hydra

Action                   |  1- 3 |  4- 6 |  7- 9 | 10-12 || total
-------------------------+-------+-------+-------+-------++-------
Melee: War axe           |   112 |   167 |   297 |   348 ||   924
       Battleaxe         |       |       |       |     2 ||     2
 Abil: Evoke Blink       |       |       |       |     1 ||     1
Evoke: Wand              |       |       |       |     8 ||     8
  Use: Potion            |       |     1 |       |     1 ||     2
       Scroll            |       |       |     9 |     4 ||    13
